 Dungeon Crawl Stone Soup version 0.31.0-12-g77e489cdc1 (webtiles) character file.

Game seed: 8677003803067106304

48 monsoonserge the Ruffian (level 3, -3/26 HPs)
             Began as a Gnoll Shapeshifter on Feb 28, 2024.
             Slain by an orc
             ... wielding a +0 hand axe
              (8 damage)
             ... on level 3 of the Dungeon.
             The game lasted 00:02:07 (1920 turns).

monsoonserge the Ruffian (Gnoll Shapeshifter)       Turns: 1920, Time: 00:02:07

Health: -3/26      AC:  0    Str: 15    XL:     3   Next: 72%
Magic:  4/4        EV: 17    Int:  9    God:
Gold:   91         SH:  0    Dex: 11    Spells: 4/4 levels left

rFire   . .          .
                       - Unarmed
rCold   . . .        (shield currently unavailable)
rNeg    . . .        a - melded +0 animal skin
rPois   .            (no helmet)
rElec   .            (no cloak)
rCorr   .            (no gloves)
SInv    .            (no boots)
Will    .....        (no amulet)
Stlth   +            (no ring)
HPRegen 0.24/turn    (no ring)
MPRegen 0.09/turn

%: no passive effects
@: lethally poisoned (-3 -> -4), flux-form, glowing
A: glow, contaminating, reduced hp, fangs 1, strong nose, distributed training
a: Begin Untransformation


You were on level 3 of the Dungeon.
You were something dangerously unstable.
You visited 1 branch of the dungeon, and saw 3 of its levels.

You collected 91 gold pieces.

Inventory:

Missiles
 g - 6 javelins (quivered)
Armour
 a - a +0 animal skin (melded)
 j - a +0 scale mail
 p - a +0 ring mail
Talismans
 c - a beast talisman
 d - a flux talisman (active)
Scrolls
 e - a scroll of identify {unknown}
 f - a scroll of fog {unknown}
 k - a scroll of acquirement {unknown}
 l - 3 scrolls of blinking {unknown}
Potions
 b - a potion of lignification
 h - a potion of degeneration {unknown}
 i - a potion of might {unknown}
 m - a potion of ambrosia {unknown}
 n - a potion of enlightenment {unknown}
 o - a potion of curing {unknown}


   Skills:
 + Level 2.6 Fighting
 + Level 1.0 Short Blades
 + Level 1.0 Long Blades
 + Level 1.0 Axes
 + Level 1.0 Maces & Flails
 + Level 1.0 Polearms
 + Level 1.0 Staves
 + Level 1.0 Ranged Weapons
 + Level 1.0 Throwing
 + Level 1.0 Armour
 + Level 4.6 Dodging
 + Level 1.0 Stealth
 + Level 1.0 Shields
 + Level 6.5 Unarmed Combat
 + Level 1.0 Spellcasting
 + Level 0.7 Conjurations
 + Level 0.7 Hexes
 + Level 0.7 Summonings
 + Level 0.7 Necromancy
 + Level 0.7 Translocations
 + Level 0.7 Fire Magic
 + Level 0.7 Ice Magic
 + Level 0.7 Air Magic
 + Level 0.7 Earth Magic
 + Level 0.7 Alchemy
 + Level 1.0 Invocations
 + Level 1.0 Evocations
 + Level 6.5 Shapeshifting


You had 4 spell levels left.
You didn't know any spells.
Your spell library contained the following spells:

 Spells                   Type           Power      Damage    Failure   Level
 Hailstorm                Conj/Ice       1%         3d5       63%         3
 Summon Ice Beast         Ice/Summ       1%         N/A       63%         3
 Sculpt Simulacrum        Ice/Alch       0%         N/A       100%        6


Dungeon Overview and Level Annotations

Branches:
Dungeon (3/15)

Altars:


Innate Abilities, Weirdness & Mutations

You are something dangerously unstable.
You glow with magical radiation, making you easy to see and hit.
Foes you strike become dangerously contaminated with magical radiation.
Your maximum health is decreased, since you lack skill for your form.
You are incapable of wielding weapons or throwing items.
You have very sharp teeth.
Your uncanny sense of smell can sniff out nearby items.
Your experience applies equally to all skills.


Message History

You barely miss the adder. The adder closely misses you.
You hit the adder.
The adder glows dangerously bright.
The adder is moderately wounded.
A nearby plant withers and dies.
The adder closely misses you. The adder bites you.
A rat comes into view.
You barely miss the adder.
The rat squeaks loudly.
Your bite misses the adder.
The adder is moderately wounded.
The adder bites you.
You are poisoned.
The adder poisons you!
You hit the adder.
The adder shudders as magic cascades through it!
You kill the adder!
You feel sick.
Your Short Blades skill increases to level 1!
Your Long Blades skill increases to level 1!
Your Axes skill increases to level 1!
Your Maces & Flails skill increases to level 1!
Your Polearms skill increases to level 1!
Your Staves skill increases to level 1!
Your Ranged Weapons skill increases to level 1!
Your Throwing skill increases to level 1!
Your Armour skill increases to level 1!
Your Stealth skill increases to level 1!
Your Shields skill increases to level 1!
Your Spellcasting skill increases to level 1!
Your Evocations skill increases to level 1!
You barely miss the orc. You bite the orc, but do no damage.
You feel sick. The orc barely misses you.
You hit the orc.
The orc begins to glow.
You bite the orc.
The orc is heavily wounded.
You feel sick. The orc hits you with a +0 hand axe!
* * * LOW HITPOINT WARNING * * *
You hit the orc.
The orc glows dangerously bright.
The orc is severely wounded.
You feel sick. The orc hits you with a +0 hand axe!
You die...

~~PP #.##.# ~♣
♣PP##....# . ~~♣
♣~PP#.#### .~
~♣♣P♣♣≈~~#.#
#PP♣PP~P~♣≈.~)#
PP♣~P~~PP♣≈~~##
~P~~~.~.P~≈~~# #####
.~~P~.##~~≈~~######..<##
♣~~.Kop.~~PP.........†.
P~~~####)~~♣P.#####.....
~ ##P~~~## ###### #~~~~#
##~PP# ...... #######


You could see an orc (heavy contam) and a kobold.

Vanquished Creatures
  2 adders (D:3)
  4 orcs
  3 endoplasms
  A goblin (D:2)
  A hobgoblin (D:1)
  2 kobolds (D:2)
  3 ball pythons
  4 bats
  3 frilled lizards
  4 rats
27 creatures vanquished.

Notes
Turn   | Place    | Note
-------+----------+-------------------------------------------
     0 | D:1      | monsoonserge the Gnoll Shapeshifter began the quest for the
                  | Orb.
     0 | D:1      | Reached XP level 1. HP: 17/17 MP: 1/1
   380 | D:1      | Reached XP level 2. HP: 23/23 MP: 2/2
  1828 | D:3      | Reached XP level 3. HP: 26/28 MP: 2/4
  1894 | D:3      | Reached skill level 1 in Invocations
  1918 | D:3      | Reached skill level 1 in Short Blades
  1918 | D:3      | Reached skill level 1 in Long Blades
  1918 | D:3      | Reached skill level 1 in Axes
  1918 | D:3      | Reached skill level 1 in Maces & Flails
  1918 | D:3      | Reached skill level 1 in Polearms
  1918 | D:3      | Reached skill level 1 in Staves
  1918 | D:3      | Reached skill level 1 in Ranged Weapons
  1918 | D:3      | Reached skill level 1 in Throwing
  1918 | D:3      | Reached skill level 1 in Armour
  1918 | D:3      | Reached skill level 1 in Stealth
  1918 | D:3      | Reached skill level 1 in Shields
  1918 | D:3      | Reached skill level 1 in Spellcasting
  1918 | D:3      | Reached skill level 1 in Evocations
  1920 | D:3      | Slain by an orc

Illustrated notes

Levels and vault maps discovered:
D:1:      dpeg_arrival_concentric_ovals, layout_loops_corners,
          minmay_misc_feat_hallway, minmay_misc_feat_room
D:2:      minmay_spotlight, layout_loops_corners
D:3:      layout_basic, okawaru_ov_weapons_minmay, serial_shops, shop,
          serial_bayou_lagoon_a, uniq_ijyb

Skill      XL: |  1  2  3 |
---------------+----------+-----
Invocations    | 1 |  1.0
Short Blades   | 1 |  1.0
Long Blades    | 1 |  1.0
Axes           | 1 |  1.0
Maces & Flails | 1 |  1.0
Polearms       | 1 |  1.0
Staves         | 1 |  1.0
Ranged Weapons | 1 |  1.0
Throwing       | 1 |  1.0
Armour         | 1 |  1.0
Stealth        | 1 |  1.0
Shields        | 1 |  1.0
Spellcasting   | 1 |  1.0
Evocations     | 1 |  1.0
Fighting       | |  2.6
Dodging        | |  4.6
Unarmed Combat | |  6.5
Conjurations   | |  0.7
Hexes          | |  0.7
Summonings     | |  0.7
Necromancy     | |  0.7
Translocations | |  0.7
Fire Magic     | |  0.7
Ice Magic      | |  0.7
Air Magic      | |  0.7
Earth Magic    | |  0.7
Alchemy        | |  0.7
Shapeshifting  | |  6.5

Action                     || total
---------------------------++-------
  Melee: Unarmed           ||    81
         Bite              ||     8
 Armour: Animal skin       ||     3
         Skin              ||    25
  Dodge: Dodged            ||    68
   Form: Flux              ||     1
